AoeStats
← Darth MBAG

African Clearing

510426323Analyzed
4v4 RM · 19h ago on Oct 1, 2026· 37m 6s· 8 players
Game mode
Random Map
Map size
Large (8 player)
Population
200
Speed
Normal
Resources
Standard
Victory
Conquest
Starting age
Dark Age
Ending age
Imperial Age
RankedLock teamsTeams togetherTeam positionsShared explorationLock speedFull tech treeHidden civsTurbo modeCheats
Victory
Defeat
🇦🇺 Malians · Australia
1284
+13
🇺🇸 Danes · United States
1172
+18
🇺🇸 Vietnamese · United States
1149
+19
🇺🇸 Romans · United States
1141
+20
🇧🇷 Magyars · Brazil
1255
-19
🇨🇱 Persians · Chile
1231
-18
🇳🇱 Ethiopians · Netherlands
1199
-17
🇧🇷 Tatars · Brazil
1186
-16
nborgesfilho
12:24 Feudal Age
13:26 Loom
17:13 Castle Age
15:37 Double-Bit Axe
16:38 Fletching
17:30 Crossbowman
Isar
15:23 Feudal Age
16:35 Loom
19:37 Castle Age
18:53 Double-Bit Axe
18:52 Horse Collar
21:25 Wheelbarrow
23:03 Bow Saw
30:35 Heavy Plow
31:17 Fletching
31:55 Hand Cart
32:23 Bodkin Arrow
32:28 Padded Archer Armor
33:18 Crossbowman
34:05 Thumb Ring
36:40 Padded Archer Armor
dionathanbh
6:20 Loom
14:53 Feudal Age
20:19 Castle Age
18:55 Double-Bit Axe
22:27 Wheelbarrow
22:31 Fletching
22:42 Padded Archer Armor
27:12 Bodkin Arrow
30:41 Ballistics
35:27 Leather Archer Armor
SAIBOT
13:09 Feudal Age
11:25 Loom
17:46 Castle Age
18:12 Crossbowman
22:03 Fletching
31:32 Bodkin Arrow
Darth MBAG
5:32 Loom
12:59 Feudal Age
15:10 Bloodlines
15:03 Town Watch
17:08 Forging
17:51 Scale Barding Armor
23:55 Castle Age
23:54 Horse Collar
24:04 Double-Bit Axe
27:22 Padded Archer Armor
35:49 Wheelbarrow
35:14 Gold Mining
36:40 Treadmill Crane
CAS MBAG
14:42 Feudal Age
13:45 Loom
18:23 Castle Age
16:53 Double-Bit Axe
Unknowncmbk
3:11 Loom
13:22 Feudal Age
13:23 Man-at-Arms
13:50 Arson
18:10 Scale Mail Armor
26:20 Castle Age
24:26 Double-Bit Axe
24:49 Horse Collar
25:03 Stone Mining
26:13 Fletching
27:08 Bodkin Arrow
37:06 Forging
SpawnShark
9:07 Loom
9:49 Loom
11:56 Feudal Age
12:31 Double-Bit Axe
22:08 Castle Age
22:24 Bloodlines
23:12 Forging
22:25 Light Cavalry
23:33 Scale Barding Armor
23:45 Bow Saw
26:27 Iron Casting
34:33 Wheelbarrow
33:43 Town Watch
Connection lost

Rejoining the realm…

Still unreachable

The connection could not be restored.

Session expired

The server has moved on; the page needs a fresh start.